 Dungeon Crawl Stone Soup version 0.18-a0-824-g47fe746 (webtiles) character file.

36 JokEr the Insei (level 3, -3/24 HPs)
             Began as an Octopode Transmuter on Dec 17, 2015.
             Slain by a gnoll
             ... wielding a +0 halberd
              (12 damage)
             ... on level 2 of the Dungeon.
             The game lasted 00:01:29 (1167 turns).

JokEr the Insei (Octopode Transmuter)               Turns: 1167, Time: 00:01:29

Health: -3/24      AC:  1    Str:  9    XL:     3   Next: 37%
Magic:  5/6        EV: 12    Int: 16    God:
Gold:   56         SH:  0    Dex: 12    Spells: 1 memorised, 5 levels left

rFire  . . .     SeeInvis .       - Unarmed
rCold  . . .     Gourm    .     (no shield)
rNeg   . . .     Faith    .     (helmet restricted)
rPois  .         Spirit   .     (no amulet)
rElec  .         Dismiss  .     (no ring)
rCorr  .         Reflect  .     (no ring)
SustAt .         Harm     .     (no ring)
MR     .....                    (no ring)
Stlth  ++........               (no ring)
                                (no ring)
                                (no ring)
                                (no ring)

@: appendage (expiring), not resistant to hostile enchantments, unstealthy
A: almost no armour, amphibious, 8 rings, constrict 8, tentacle spike 3,
camouflage 1, gelatinous body 1
a: End Transformation


You were on level 2 of the Dungeon.
You were not hungry.
One of your tentacles had a temporary spike.
You visited 1 branch of the dungeon, and saw 2 of its levels.

You collected 56 gold pieces.

Inventory:

Missiles
 a - 36 arrows
Scrolls
 d - 2 scrolls of teleportation {unknown}
 e - a scroll of remove curse {unknown}
 g - 3 scrolls of identify {unknown}
 i - a scroll of fog {unknown}
Potions
 f - a potion of flight {unknown}
Books
 b - a book of Changes

   Spells                             Type                      Level
   a - Beastly Appendage              Transmutation                1
   b - Sticks to Snakes               Transmutation                2
   c - Spider Form                    Transmutation/Poison         3
   d - Ice Form                       Ice/Transmutation            4
   e - Blade Hands                    Transmutation                5
Comestibles
 c - 3 bread rations
 h - a chunk of flesh


   Skills:
 + Level 2.2 Fighting
 - Level 2.0 Dodging
 + Level 3.8 Unarmed Combat
 - Level 2.0 Spellcasting
 - Level 2.0 Transmutations


You had 5 spell levels left.
You knew the following spells:

 Your Spells              Type           Power        Failure   Level  Hunger
a - Beastly Appendage     Trmt           #.....       10%         1    #......


Dungeon Overview and Level Annotations

Branches:
Dungeon (2/15)

Altars:


Innate Abilities, Weirdness & Mutations

You cannot wear most types of armour.
You are amphibious.
You can wear up to eight rings at the same time.
You can use your tentacles to constrict eight enemies at once.
Your skin changes colour to match your surroundings (Stealth).
Your rubbery body absorbs attacks (AC +1).
One of your tentacles bears a large vicious spike.


Message History

A gnoll comes into view. It is wielding a halberd.
Sorry, you're not good enough to have a special ability.
Casting: Beastly Appendage
Confirm with . or Enter, or press ? or * to list all spells.
One of your tentacles grows a vicious spike.
The gnoll shouts!
The gnoll hits you from afar with a halberd!
Ouch! That really hurt!
The rat bites you. The gnoll misses you.
You barely miss the rat. Your grab misses the rat.
Your transformation is almost over.
The rat misses you.
You closely miss the rat. Your grab misses the rat.
Your squeeze misses the rat. The rat barely misses you.
The gnoll closely misses you.
You barely miss the rat. You grab the rat. You constrict the rat.
The rat barely misses you.
The gnoll hits you from afar with a halberd!
Ouch! That really hurt!
You die...

#.................# ..
#........ ........# ...
#......# #......#
...####....g.#
##......#
.............#
#...#....
.............#
##........
.......g.r...#
#....#....
.......r######
#...##....
.##.....@....#
#...##....
#..........###...##....
#.................#....
#...#.............#....
#...#....[........#####
.....#.............#
......#######.......# #
..... #.......# # ..?.
#.......# #


You could see a gnoll and a rat.

Vanquished Creatures
  An adder (D:2)
  A worm (D:2)
  2 giant cockroaches (D:2)
  2 hobgoblins
  A quokka (D:2)
  6 bats
  2 giant newts (D:1)
  5 goblins
  3 kobolds (D:1)
  A rat (D:1)
24 creatures vanquished.

Notes
Turn   | Place    | Note
--------------------------------------------------------------
     0 | D:1      | JokEr the Octopode Transmuter began the quest for the Orb.
     0 | D:1      | Reached XP level 1. HP: 13/13 MP: 3/3
   315 | D:1      | Reached XP level 2. HP: 18/18 MP: 5/5
   959 | D:2      | Reached XP level 3. HP: 24/24 MP: 6/6
  1167 | D:2      | Slain by a gnoll

Vault maps used:
D:1:      eino_arrival_water_cross, lemuel_another_geyser

Action                   || total
-------------------------++-------
Melee: Unarmed           ||    48
 Cast: Beastly Appendage ||     1
 Stab: Sleeping          ||     5
  Eat: Chunk             ||     1
